[Event "Titled Tuesday Blitz May 16 Late 2023"]
[White "Weetik, Vjacheslav"]
[Black "The_Sherman_Variation"]
[WhiteFideId "4153472"]
[WhiteElo "2469"]
[BlackElo "2529"]
[Result "1-0"]
[Round "02"]
[TimeControl "180+2"]
[Date "2023.05.16"]
[WhiteClock "0:00:28"]
[BlackClock "0:01:00"]

1. d4 h6 2. e4 d5 3. exd5 Nf6 4. c4 c6 5. dxc6 Nxc6 6. d5 Nb8 7. Nc3 g5 8. Nf3 Bg7 9. Bd3 Na6 10. O-O O-O 11. Re1 Bg4 12. h3 Bh5 13. g4 Bg6 14. Bxg6 fxg6 15. Ne5 Nd7 16. Nxg6 Rf7 17. Be3 Rf6 18. Qc2 Qe8 19. Nxe7+ Qxe7 20. Bd4 Qf7 21. Bxf6 Nxf6 22. Rad1 Qd7 23. d6 Nc5 24. Re7 Qd8 25. Qg6 Qf8 26. Nd5 Nxd5 27. Rxd5 Qf6 28. Rxg7+ Qxg7 29. Qxg7+ Kxg7 30. Rxc5 Rd8 31. Rc7+ Kf6 32. Rxb7 Rxd6 33. Rxa7 Ke5 34. Kg2 Rd2 35. b4 Rb2 36. a3 Kd4 37. c5 Kd5 38. Rd7+ Kc4 39. Rd6 Kb5 40. Rxh6 Rb3 41. Rb6+ 1-0


[Site "https://www.chess.com"]

[Event "Titled Tuesday Blitz May 16 Late 2023"]
[White "cristianserban1"]
[Black "Bitoon, Richard"]
[BlackFideId "5201110"]
[WhiteElo "2529"]
[BlackElo "2374"]
[Result "0-1"]
[Round "02"]
[TimeControl "180+2"]
[Date "2023.05.16"]
[WhiteClock "0:00:00"]
[BlackClock "0:00:19"]

1. d4 Nf6 2. Bf4 d6 3. Nc3 Nbd7 4. e3 e5 5. Bg3 g6 6. Nf3 Nh5 7. Bh4 Be7 8. Bxe7 Qxe7 9. Be2 c6 10. O-O O-O 11. dxe5 dxe5 12. Ne4 Nc5 13. Qd6 Qxd6 14. Nxd6 f6 15. Nxc8 Raxc8 16. b4 Na4 17. Bc4+ Kh8 18. Bb3 Nc3 19. a4 Ng7 20. Ra3 Rcd8 21. Bc4 Ne4 22. Rd3 Rxd3 23. cxd3 Nc3 24. a5 Nf5 25. Ra1 Nd6 26. Bb3 Rd8 27. d4 exd4 28. Nxd4 Ndb5 29. Nxb5 Nxb5 30. Rd1 Rxd1+ 31. Bxd1 Nc7 32. Bb3 Na6 33. Be6 Nxb4 34. Bc8 b6 35. axb6 axb6 36. Kf1 Kg7 37. Ke2 Kf8 38. Kd2 Ke7 39. Kc3 Nd5+ 40. Kd4 Kd6 41. Ba6 b5 42. g3 Nb6 43. f4 c5+ 44. Kc3 Kc6 45. e4 Na4+ 46. Kb3 Nb6 47. g4 Nc4 48. Bc8 Nd6 0-1


[Site "https://www.chess.com"]

[Event "Titled Tuesday Blitz May 16 Late 2023"]
[White "Timmermans, Mark"]
[Black "Taboas Rodriguez, Daniel"]
[WhiteFideId "1026399"]
[BlackFideId "2208466"]
[WhiteElo "2460"]
[BlackElo "2365"]
[Result "1-0"]
[Round "02"]
[TimeControl "180+2"]
[Date "2023.05.16"]
[WhiteClock "0:02:51"]
[BlackClock "0:00:00"]

1. b4 e5 2. Bb2 Bxb4 3. Bxe5 Nf6 4. Nc3 Nc6 5. Bxf6 Qxf6 6. Nd5 Qd6 7. c4 O-O 8. Nf3 Re8 9. e3 Ba5 10. Be2 Ne7 11. Nf4 Qh6 12. O-O d6 13. d4 c6 14. d5 c5 15. Qa4 1-0


[Site "https://www.chess.com"]

[Event "Titled Tuesday Blitz May 16 Late 2023"]
[White "Vakhlamov, Igor L."]
[Black "Roebers, Eline"]
[WhiteFideId "24126748"]
[BlackFideId "1058401"]
[WhiteElo "2407"]
[BlackElo "2527"]
[Result "1/2-1/2"]
[Round "02"]
[TimeControl "180+2"]
[Date "2023.05.16"]
[WhiteClock "0:00:04"]
[BlackClock "0:00:09"]

1. e4 c5 2. Nf3 e6 3. Nc3 Nc6 4. Bb5 Nd4 5. Bd3 Nc6 6. O-O a6 7. e5 d5 8. exd6 Bxd6 9. Ne4 Be7 10. b3 Nf6 11. Bb2 Nxe4 12. Bxe4 Bf6 13. Bxc6+ bxc6 14. Bxf6 Qxf6 15. Re1 O-O 16. d3 Rd8 17. Ne5 Bb7 18. Qe2 Rd5 19. a4 Rad8 20. a5 h6 21. h3 Qf4 22. Qe3 Qxe3 23. Rxe3 f6 24. Nc4 e5 25. Rf1 g5 26. Rfe1 Bc8 27. Rf3 Kg7 28. Kh2 h5 29. Rfe3 Rd4 30. Nd2 Bf5 31. f3 g4 32. hxg4 hxg4 33. Kg3 Kf7 34. Kf2 Rh8 35. Rg1 Ke6 36. Ree1 gxf3 37. Nxf3 Rg4 38. Rh1 Rhg8 39. Rh2 Kd5 40. Re2 e4 41. dxe4+ Bxe4 42. c4+ Kd6 43. Ke3 Bxf3 44. gxf3 Re8+ 45. Kd3 Rd4+ 46. Kc3 Rxe2 47. Rxe2 Rf4 48. Re3 Rh4 49. Re8 Rf4 50. Re3 Rd4 51. Kb2 Rd2+ 52. Ka3 f5 53. Re8 Rd3 54. Ra8 Rxf3 55. Rxa6 Rf1 56. Ra8 f4 57. Rf8 f3 58. Kb2 Rf2+ 59. Kb1 Rf1+ 60. Kb2 Rf2+ 61. Ka3 Rf1 62. a6 Ra1+ 63. Kb2 Rxa6 64. Rxf3 Ra7 65. Rd3+ Kc7 66. Kc3 Kb6 67. Rh3 Rg7 68. Rh8 Rg3+ 69. Kb2 Rg2+ 70. Ka3 Rg1 71. Rb8+ Kc7 72. Rh8 Kb6 73. Rh2 Rf1 74. Kb2 Rf3 75. Rd2 Ka5 76. Rd8 Kb6 77. Ka2 Rf2+ 78. Ka3 Rf1 79. Rb8+ Kc7 80. Rh8 Kb6 81. Rb8+ Ka7 82. Rh8 Kb6 83. Rb8+ 1/2-1/2


[Site "https://www.chess.com"]

[Event "Titled Tuesday Blitz May 16 Late 2023"]
[White "Safin, Robert"]
[Black "Wu, Derek"]
[WhiteFideId "34189120"]
[BlackFideId "30914558"]
[WhiteElo "2295"]
[BlackElo "2174"]
[Result "0-1"]
[Round "02"]
[TimeControl "180+2"]
[Date "2023.05.16"]
[WhiteClock "0:00:00"]
[BlackClock "0:00:11"]

1. e4 c5 2. c3 d5 3. exd5 Nf6 4. d4 Nxd5 5. Nf3 cxd4 6. Bc4 Nc6 7. Nxd4 e6 8. O-O Bd6 9. Bxd5 exd5 10. Re1+ Ne7 11. Bg5 O-O 12. Nd2 f6 13. Bh4 Ng6 14. Bg3 Bc5 15. N2b3 Bb6 16. Qd2 Bd7 17. Rad1 Re8 18. h3 Ne5 19. Bxe5 fxe5 20. Nf3 d4 21. Nxe5 Ba4 22. cxd4 Qf6 23. Qd3 Kh8 24. Re4 Rf8 25. Rd2 Rad8 26. Kh1 Be8 27. Qe3 a5 28. Nc5 Bh5 29. Ncd7 Qd6 30. Nxf8 Rxf8 31. Qg5 Be8 32. Rf4 Rg8 33. Nf7+ Bxf7 34. Rxf7 Bd8 35. Qe5 Qh6 36. Rf3 Qxd2 0-1


[Site "https://www.chess.com"]

[Event "Titled Tuesday Blitz May 16 Late 2023"]
[White "Goltsev, Dmitry"]
[Black "Jovic, Stanoje"]
[WhiteFideId "24176710"]
[BlackFideId "905020"]
[WhiteElo "2356"]
[BlackElo "2236"]
[Result "1-0"]
[Round "02"]
[TimeControl "180+2"]
[Date "2023.05.16"]
[WhiteClock "0:00:04"]
[BlackClock "0:00:07"]

1. e4 c6 2. d4 d5 3. Nc3 dxe4 4. Nxe4 Nf6 5. Ng3 h5 6. h4 Bg4 7. f3 Qc7 8. N1e2 Bc8 9. Bf4 Qb6 10. b3 e6 11. c3 c5 12. Qd3 Nc6 13. Be3 Nd5 14. dxc5 Bxc5 15. Bxc5 Qxc5 16. Ne4 Qe7 17. c4 Ndb4 18. Qc3 O-O 19. a3 Na6 20. Nf4 f5 21. Ng5 Rd8 22. Nxh5 Nd4 23. Rd1 e5 24. Bd3 Nc5 25. b4 Nce6 26. Qc1 g6 27. Ng3 Nf4 28. O-O Kg7 29. Qe3 Rh8 30. Rfe1 Rxh4 31. Bf1 Qxg5 32. Qxe5+ Qf6 33. Qe8 Be6 34. Qxa8 Qg5 35. Qxb7+ Bf7 36. Qd7 Qxg3 37. Qxd4+ Kh7 38. Bd3 Nh3+ 39. Kf1 Ng5 40. Qf2 Rh1+ 41. Ke2 Qe5+ 42. Kd2 Qb2+ 43. Bc2 Rh6 44. Rh1 Qxa3 45. Qe3 Qxb4+ 46. Ke2 Qf8 47. Qxg5 Bxc4+ 48. Kf2 Qc5+ 49. Qe3 Qc7 50. Rxh6+ Kg7 51. Qg5 Bf7 52. Rxg6+ Bxg6 53. Bxf5 Qc5+ 54. Kg3 Qc7+ 55. Kh3 Qf4 56. Qxg6+ Kf8 57. Rd8+ Ke7 58. Re8# 1-0


[Site "https://www.chess.com"]

[Event "Titled Tuesday Blitz May 16 Late 2023"]
[White "Altman, Joshua"]
[Black "Bryakin, Mikhail"]
[WhiteFideId "426210"]
[BlackFideId "4165314"]
[WhiteElo "2028"]
[BlackElo "2467"]
[Result "0-1"]
[Round "02"]
[TimeControl "180+2"]
[Date "2023.05.16"]
[WhiteClock "0:00:05"]
[BlackClock "0:00:31"]

1. d4 c5 2. d5 b5 3. e4 Qb6 4. Nf3 g6 5. Be2 Bg7 6. O-O d6 7. a4 b4 8. Nbd2 Ba6 9. Rb1 Nd7 10. b3 Ngf6 11. Bb2 O-O 12. Re1 Ng4 13. Bxg7 Kxg7 14. Bxa6 Qxa6 15. Nc4 Nge5 16. Nfxe5 Nxe5 17. Nxe5 dxe5 18. Qd3 Qd6 19. h3 a5 20. c4 h5 21. Re2 h4 22. Rbe1 Rh8 23. f4 Rh5 24. Qd2 Rah8 25. Qb2 f6 26. fxe5 Rxe5 27. Qd2 Rhh5 28. Qd3 Rhg5 29. Re3 Kf7 30. Rf1 Ke8 31. Ref3 Kd7 32. Qe3 Rh5 33. Qf4 Reg5 34. Qe3 Rh7 35. Rf4 Rg3 36. R4f3 Rg5 37. Rf4 Re5 38. Qf2 g5 39. Rg4 Kc7 40. Qf3 Rh6 41. Re1 Qd7 42. Rf1 Kd6 43. Qd3 Qe8 44. Qe3 Qg6 45. Qf3 Rh8 46. Re1 Rf8 47. Rf1 Kd7 48. Qe3 Kd6 49. Qf3 Rf7 50. Qf2 Rxe4 51. Rxe4 Qxe4 52. Re1 Qd4 53. Re6+ Kd7 54. Qxd4 cxd4 55. Kf2 f5 56. Ke2 g4 57. Kd3 gxh3 58. gxh3 f4 59. Kxd4 f3 60. Re1 f2 61. Rf1 Rf3 62. Kc5 Rxb3 63. Kb5 Rf3 64. Kxa5 b3 65. c5 b2 66. c6+ Kc7 67. d6+ exd6 68. Ka6 b1=Q 69. Rxb1 f1=Q+ 70. Rxf1 Rxf1 71. a5 Rb1 0-1


[Site "https://www.chess.com"]

[Event "Titled Tuesday Blitz May 16 Late 2023"]
[White "Ozates, Tuna"]
[Black "Nazari, Arad"]
[WhiteFideId "6354521"]
[BlackFideId "12577324"]
[WhiteElo "2151"]
[BlackElo "2175"]
[Result "0-1"]
[Round "02"]
[TimeControl "180+2"]
[Date "2023.05.16"]
[WhiteClock "0:00:06"]
[BlackClock "0:00:11"]

1. e4 c5 2. Nf3 d6 3. Bb5+ Nd7 4. O-O a6 5. Bd3 Ngf6 6. c3 b5 7. Re1 Bb7 8. a4 e6 9. Bc2 Be7 10. d3 O-O 11. Nbd2 Bc6 12. Nf1 Nb6 13. a5 Nbd7 14. Bd2 Ne5 15. b4 Nxf3+ 16. Qxf3 Rc8 17. Bb3 c4 18. dxc4 bxc4 19. Bc2 Nd7 20. Qe2 Bb7 21. Rad1 Qc7 22. f4 e5 23. f5 Rfd8 24. Ne3 Qb8 25. Qh5 Qa8 26. Ng4 Nf6 27. Nxf6+ Bxf6 28. Bg5 Bxg5 29. Qxg5 f6 30. Qe3 d5 31. exd5 Rxd5 32. Rxd5 Bxd5 33. Be4 Bxe4 34. Qxe4 Qxe4 35. Rxe4 Kf7 36. Kf2 g6 37. fxg6+ hxg6 38. Rh4 Ke6 39. Rh7 Kd5 40. Ke3 Rc6 41. Rd7+ Ke6 42. Rb7 f5 43. g3 Rd6 44. Ke2 Rd3 45. Rb6+ Kd5 46. Rxa6 Rxc3 47. Rxg6 Rb3 48. Rb6 Kd4 49. Kd2 c3+ 50. Kc2 Rb2+ 51. Kc1 e4 52. a6 e3 53. a7 Ra2 54. Rd6+ Kc4 55. Re6 Kd3 56. Rd6+ Ke2 57. Rd7 Kf2 58. b5 e2 59. Re7 Rxa7 60. Re5 e1=Q+ 61. Rxe1 Kxe1 0-1


[Site "https://www.chess.com"]

[Event "Titled Tuesday Blitz May 16 Late 2023"]
[White "Simonian, Hrair"]
[Black "Grinev, Valeriy"]
[WhiteFideId "13302337"]
[BlackFideId "14117517"]
[WhiteElo "2447"]
[BlackElo "2366"]
[Result "0-1"]
[Round "02"]
[TimeControl "180+2"]
[Date "2023.05.16"]
[WhiteClock "0:00:02"]
[BlackClock "0:00:11"]

1. e4 c5 2. Nc3 a6 3. g3 b5 4. Bg2 Bb7 5. d3 e6 6. Nge2 d5 7. exd5 Nf6 8. Nf4 Nxd5 9. Nfxd5 exd5 10. d4 b4 11. Ne2 Nd7 12. O-O c4 13. Nf4 Nf6 14. Re1+ Be7 15. Qe2 Ra7 16. b3 cxb3 17. cxb3 Ba8 18. Nd3 O-O 19. Bd2 a5 20. Nc5 Bxc5 21. dxc5 Ne4 22. Be3 Nc3 23. Qg4 d4 24. Bxd4 f5 25. Qf4 Bxg2 26. Kxg2 Qd5+ 27. Kg1 Rd7 28. Be3 Re8 29. a3 Re4 30. Qb8+ Rd8 31. Qb6 f4 32. Bxf4 Ne2+ 33. Rxe2 Rxe2 34. axb4 Rde8 35. Rf1 Re1 36. Qb5 Rxf1+ 37. Qxf1 axb4 38. Be3 Qxb3 39. Qb5 Qb1+ 40. Kg2 Qe4+ 41. Kg1 Rc8 42. Qd7 Qc6 43. Qd3 Rb8 44. Qb3+ Kh8 45. h4 h6 46. h5 Kh7 47. Qd3+ Kh8 48. Qb3 Qb5 49. Bd4 Qb7 50. Qe3 Rd8 51. Qxh6+ Kg8 52. Qe6+ Kh7 53. Qg6+ Kg8 54. Bb2 Rd1+ 0-1


[Site "https://www.chess.com"]

[Event "Titled Tuesday Blitz May 16 Late 2023"]
[White "Musovic, Armin"]
[Black "Khripachenko, Alexander"]
[WhiteFideId "939935"]
[BlackFideId "54184975"]
[WhiteElo "2322"]
[BlackElo "2387"]
[Result "1-0"]
[Round "02"]
[TimeControl "180+2"]
[Date "2023.05.16"]
[WhiteClock "0:00:20"]
[BlackClock "0:00:00"]

1. a3 e5 2. d4 exd4 3. Qxd4 Nc6 4. Qa4 d5 5. Nf3 Nf6 6. Bg5 h6 7. Bh4 Bc5 8. Nc3 g5 9. Bg3 Be6 10. O-O-O Bb6 11. Ne5 O-O 12. Nxc6 bxc6 13. h4 Nh5 14. Be5 Bxf2 15. Qxc6 gxh4 16. Nxd5 Qg5+ 17. Kb1 Qxe5 18. g4 Ng3 19. Rxh4 Nxf1 20. Rxh6 Kg7 21. Nxc7 Kxh6 22. Rxf1 Rac8 23. g5+ Kg7 24. Nxe6+ 1-0


[Site "https://www.chess.com"]

[Event "Titled Tuesday Blitz May 16 Late 2023"]
[White "Ognean, Mihnea-Ionut"]
[Black "Rastbod, Ali"]
[WhiteFideId "1232347"]
[BlackFideId "12567477"]
[WhiteElo "2215"]
[BlackElo "2274"]
[Result "0-1"]
[Round "02"]
[TimeControl "180+2"]
[Date "2023.05.16"]
[WhiteClock "0:00:11"]
[BlackClock "0:00:15"]

1. e4 c6 2. Nf3 d5 3. d3 g6 4. e5 c5 5. c3 d4 6. cxd4 cxd4 7. Bf4 Nc6 8. Nbd2 h6 9. h4 Bg7 10. Be2 Qd5 11. Qb3 Be6 12. Qxd5 Bxd5 13. a3 a5 14. O-O g5 15. hxg5 hxg5 16. Bxg5 Nxe5 17. Nxd4 Nxd3 18. Nf5 Be5 19. f4 Bb8 20. Bxd3 Ba7+ 21. Rf2 f6 22. Bh4 e6 23. Re1 Kf8 24. Bg3 exf5 25. Bxf5 Nh6 26. Bh3 Kf7 27. Kf1 Bxf2 28. Bxf2 Rhe8 29. Rc1 f5 30. Rc5 Red8 31. g3 Rd7 32. Nc4 Bxc4+ 33. Rxc4 Ng4 34. Bb6 Rd1+ 35. Ke2 Rb1 36. Bd4 Re8+ 37. Kd2 Rbe1 38. Rc7+ Kg6 39. Rg7+ Kh6 40. Bxg4 fxg4 41. Rxg4 Rf1 42. Kd3 Rd8 43. Rh4+ Kg6 44. Rg4+ Kf7 45. Rg7+ Ke6 46. Rxb7 Rd1+ 47. Ke3 R1xd4 48. Rb6+ Kf5 49. Rb5+ R4d5 50. Rb3 Re8+ 51. Kf3 Kf6 52. g4 Re6 53. Rc3 Rb6 54. f5 Kg5 55. Kg3 Rdb5 56. Rf3 Rb3 57. Kg2 Rxf3 58. Kxf3 Rb3+ 59. Ke4 Rxb2 60. Ke5 Rb3 61. Kd5 Rxa3 62. Ke6 Rf3 0-1


[Site "https://www.chess.com"]

[Event "Titled Tuesday Blitz May 16 Late 2023"]
[White "Tsvetkov, Andrey"]
[Black "Geivondian, Arman"]
[WhiteFideId "34139360"]
[BlackFideId "24102032"]
[WhiteElo "2296"]
[BlackElo "2278"]
[Result "1-0"]
[Round "02"]
[TimeControl "180+2"]
[Date "2023.05.16"]
[WhiteClock "0:00:25"]
[BlackClock "0:01:30"]

1. d4 Nf6 2. c4 e6 3. Nc3 Bb4 4. e3 O-O 5. Bd3 d5 6. a3 dxc4 7. Bxc4 Bd6 8. Nf3 c5 9. O-O Nc6 10. Qe2 a6 11. Rd1 Qe7 12. dxc5 Bxc5 13. e4 b5 14. Ba2 Ng4 15. Rf1 Qf6 16. h3 Nge5 17. Nxe5 Qxe5 18. Be3 Nd4 19. Qg4 Bb7 20. Rad1 Rad8 21. f4 Qc7 22. Kh1 Qb6 23. b4 Be7 24. Ne2 Bxe4 25. Bxd4 1-0


[Site "https://www.chess.com"]

[Event "Titled Tuesday Blitz May 16 Late 2023"]
[White "Koutlas, Nikolaos"]
[Black "Jaracz, Pawel"]
[WhiteFideId "25827138"]
[BlackFideId "1102222"]
[WhiteElo "2215"]
[BlackElo "2438"]
[Result "0-1"]
[Round "02"]
[TimeControl "180+2"]
[Date "2023.05.16"]
[WhiteClock "0:00:00"]
[BlackClock "0:01:19"]

1. Nf3 g6 2. h4 h5 3. c4 a5 4. Nc3 Bg7 5. d4 Nh6 6. e4 d6 7. Bg5 Ng4 8. Be2 Nc6 9. Qd2 f6 10. Bf4 e5 11. Bg3 Bh6 12. Qd3 Nb4 13. Qd1 c5 14. dxc5 dxc5 15. Nd5 Nc6 16. Qa4 O-O 17. Rd1 Nd4 18. Nxd4 cxd4 19. O-O Bd7 20. Qa3 Bc6 21. Qc5 Kg7 22. a3 Rc8 23. Nb6 Rc7 24. Qxa5 Bxe4 25. Bxg4 hxg4 26. Bxe5 Rd7 27. Bxd4 Rxd4 28. Rxd4 Qxd4 29. Qb5 Rf7 30. Nc8 g3 0-1


[Site "https://www.chess.com"]

[Event "Titled Tuesday Blitz May 16 Late 2023"]
[White "Volkov, Maksim"]
[Black "Liu, Casper"]
[WhiteFideId "54123070"]
[BlackFideId "1454153"]
[WhiteElo "2297"]
[BlackElo "2221"]
[Result "1-0"]
[Round "02"]
[TimeControl "180+2"]
[Date "2023.05.16"]
[WhiteClock "0:01:36"]
[BlackClock "0:01:06"]

1. d4 Nf6 2. c4 g6 3. g3 Bg7 4. Bg2 c6 5. e4 d6 6. Nc3 Nbd7 7. Nf3 e5 8. O-O exd4 9. Nxd4 O-O 10. Re1 Re8 11. h3 Qb6 12. Nde2 Ne5 13. b3 Qc7 14. Be3 Ned7 15. Qc2 Nf8 16. Rad1 Be6 17. f4 Rad8 18. Nd4 Bc8 19. Bf2 a6 20. Na4 c5 21. Nf3 b5 22. cxb5 axb5 23. Nc3 Qb6 24. e5 dxe5 25. Nxe5 Bf5 26. Qc1 h5 27. Nd5 Nxd5 28. Bxd5 Bxe5 29. fxe5 Nd7 30. Qf4 Re7 31. g4 hxg4 32. hxg4 Bc2 33. Rd2 Nf8 34. Bh4 Red7 35. Bxd8 Qxd8 36. Bxf7+ Kg7 37. Qf6+ Qxf6 38. exf6+ Kxf6 39. Rf1+ Kg7 40. Rxc2 Rxf7 41. Rxf7+ Kxf7 42. Rxc5 1-0


[Site "https://www.chess.com"]

[Event "Titled Tuesday Blitz May 16 Late 2023"]
[White "Marra, Eduardo da Costa"]
[Black "Manelyuk, Daniil"]
[WhiteFideId "2106990"]
[BlackFideId "44173920"]
[WhiteElo "2252"]
[BlackElo "2259"]
[Result "0-1"]
[Round "02"]
[TimeControl "180+2"]
[Date "2023.05.16"]
[WhiteClock "0:00:18"]
[BlackClock "0:01:20"]

1. d4 Nf6 2. Nc3 d5 3. Bf4 a6 4. e3 b5 5. Nf3 Bb7 6. Bd3 Nbd7 7. O-O e6 8. Qe2 c5 9. dxc5 Nxc5 10. e4 dxe4 11. Nxe4 Ncxe4 12. Rfd1 Qb6 13. a4 Bc5 14. axb5 Nxf2 15. b4 Nxd3+ 16. bxc5 Nxf4 17. Qe3 N4d5 18. Qd4 Qxb5 19. Rab1 Qc6 20. Ne5 Qc7 21. c4 O-O 22. cxd5 Bxd5 23. Rbc1 Rfb8 24. Rf1 a5 25. Rxf6 gxf6 26. Ng4 Rb4 27. Nxf6+ Kf8 28. Qd2 Qf4 29. Qc3 Rc4 30. Nxh7+ Ke7 0-1


[Site "https://www.chess.com"]

[Event "Titled Tuesday Blitz May 16 Late 2023"]
[White "Gundam, Rohit"]
[Black "Amburgy, Ryan"]
[WhiteFideId "75002809"]
[BlackFideId "30924820"]
[WhiteElo "2441"]
[BlackElo "2134"]
[Result "0-1"]
[Round "02"]
[TimeControl "180+2"]
[Date "2023.05.16"]
[WhiteClock "0:00:01"]
[BlackClock "0:00:44"]

1. d4 Nf6 2. Nf3 d5 3. c4 e6 4. Nc3 Bb4 5. Qa4+ Nc6 6. e3 O-O 7. Bd2 dxc4 8. Bxc4 Bd6 9. Nb5 Bd7 10. Nxd6 cxd6 11. Qd1 Rc8 12. Be2 Qb6 13. Qb3 Na5 14. Qxb6 axb6 15. Bd3 Ba4 16. b3 Bc6 17. Ke2 Be4 18. Rhc1 Nc6 19. a4 Na5 20. Rxc8 Rxc8 21. Rb1 Kf8 22. Bb4 Ke7 23. Nd2 Bd5 24. Bxa5 bxa5 25. Nc4 Bxg2 26. Rg1 Bd5 27. Rxg7 Bxc4 28. bxc4 Rc6 29. Rg3 Rb6 30. Bc2 Rb2 31. Kd3 Ra2 32. Kc3 Ra1 33. Kb2 Rf1 34. Rg2 h6 35. f4 d5 36. c5 Rf3 37. Re2 Ng4 38. e4 dxe4 39. Rxe4 Nxh2 40. d5 Ng4 41. d6+ Kd7 42. Re2 Ne3 43. Rh2 Nxc2 44. Kxc2 Rxf4 45. Rxh6 Rxa4 46. Rf6 Rc4+ 47. Kd3 Rxc5 0-1


[Site "https://www.chess.com"]

[Event "Titled Tuesday Blitz May 16 Late 2023"]
[White "Marek, Matyas"]
[Black "Kovalevsky, Stanislav"]
[WhiteFideId "335398"]
[BlackFideId "13508598"]
[WhiteElo "2279"]
[BlackElo "2174"]
[Result "1-0"]
[Round "02"]
[TimeControl "180+2"]
[Date "2023.05.16"]
[WhiteClock "0:01:43"]
[BlackClock "0:00:20"]

1. Nf3 d5 2. g3 Nd7 3. Bg2 e5 4. O-O f5 5. d3 Ngf6 6. c4 e4 7. Ne1 c6 8. Nc3 Bc5 9. cxd5 cxd5 10. dxe4 dxe4 11. Qb3 Qb6 12. Qxb6 Nxb6 13. Nc2 Be6 14. Be3 Bxe3 15. Nxe3 O-O-O 16. Rfd1 Kb8 17. f3 exf3 18. exf3 f4 19. gxf4 Nc4 20. Nxc4 Bxc4 21. Kf2 Nh5 22. f5 Nf4 23. Kg3 Nxg2 24. Kxg2 Rhe8 25. Ne4 Kc7 26. Rdc1 b5 27. b3 Rd4 28. bxc4 bxc4 29. Rc3 Kc6 30. Rac1 Kd5 31. Rxc4 Rxc4 32. Rxc4 Re5 33. Rc5+ Kd4 34. Rxe5 Kxe5 35. Ng3 a5 36. Kf2 Kd4 37. Nh5 Kc3 38. Nxg7 Kb2 39. f6 Kxa2 40. f7 a4 41. f8=Q a3 42. Qb8 h5 43. Ke2 h4 44. Kd2 h3 45. Kc2 Ka1 46. Qb1# 1-0


[Site "https://www.chess.com"]

[Event "Titled Tuesday Blitz May 16 Late 2023"]
[White "Novikova, Galina"]
[Black "benny_aizenberg"]
[WhiteFideId "4157095"]
[WhiteElo "1953"]
[BlackElo "2681"]
[Result "0-1"]
[Round "02"]
[TimeControl "180+2"]
[Date "2023.05.16"]
[WhiteClock "0:00:00"]
[BlackClock "0:00:20"]

1. e4 c5 2. Nf3 a6 3. b4 cxb4 4. a3 d5 5. e5 e6 6. axb4 Bxb4 7. c3 Bf8 8. d4 Ne7 9. Bd3 Ng6 10. O-O Be7 11. Na3 O-O 12. Nb5 Nc6 13. Nd6 Bxd6 14. exd6 Qxd6 15. Ba3 Qd8 16. Bxf8 Qxf8 17. Re1 Bd7 18. Ne5 Ncxe5 19. dxe5 Rc8 20. h4 Rxc3 21. h5 Nf4 22. Qd2 Qb4 23. Bf1 Rb3 24. Qc1 Bc6 25. h6 gxh6 26. Re3 Ng6 27. Rxb3 Qxb3 28. Qxh6 Nxe5 29. Qg5+ Ng6 30. Re1 Qc3 31. Re3 Qc1 32. Qd8+ Kg7 33. Qc7 d4 34. Rg3 Qe1 35. Kh2 Qxf2 36. Qe5+ Qf6 37. Qe1 e5 38. Bd3 e4 39. Bxe4 Qh4+ 40. Rh3 Qxe1 0-1


[Site "https://www.chess.com"]

[Event "Titled Tuesday Blitz May 16 Late 2023"]
[White "Schekachikhin, Maksim"]
[Black "Kielinkei"]
[WhiteFideId "24177830"]
[WhiteElo "2272"]
[BlackElo "2421"]
[Result "1-0"]
[Round "02"]
[TimeControl "180+2"]
[Date "2023.05.16"]
[WhiteClock "0:01:09"]
[BlackClock "0:00:48"]

1. d4 Nf6 2. c4 e6 3. Nc3 Bb4 4. e3 b6 5. Nf3 Bb7 6. Bd3 Ne4 7. O-O f5 8. Bxe4 fxe4 9. Nd2 Bxc3 10. bxc3 O-O 11. Qg4 d5 12. Qxe6+ Kh8 13. cxd5 Bxd5 14. Qg4 Qe8 15. c4 Bb7 16. Bb2 Nd7 17. d5 Nf6 18. Qh4 Qg6 19. Bxf6 gxf6 20. Qxe4 Qg7 21. Nf3 Rae8 22. Qf4 c6 23. Rfd1 cxd5 24. cxd5 Rg8 25. Nh4 Re5 26. e4 Rh5 27. g3 Bc8 28. Ng2 Qf7 29. Rac1 Bh3 30. Rc7 Qf8 31. Rxa7 Rg4 32. Qc7 Rxe4 33. Nf4 Bg4 34. Rc1 1-0


[Site "https://www.chess.com"]

[Event "Titled Tuesday Blitz May 16 Late 2023"]
[White "Czopor, Maciej"]
[Black "BenchGM"]
[WhiteFideId "21805431"]
[WhiteElo "2324"]
[BlackElo "2418"]
[Result "1-0"]
[Round "02"]
[TimeControl "180+2"]
[Date "2023.05.16"]
[WhiteClock "0:01:30"]
[BlackClock "0:00:47"]

1. c4 Nf6 2. Nc3 b6 3. e4 e5 4. Nf3 Bb7 5. d3 Nc6 6. Bg5 Bc5 7. Be2 h6 8. Bh4 g5 9. Bg3 d6 10. a3 a5 11. Rb1 Nd4 12. b4 axb4 13. axb4 Nxf3+ 14. Bxf3 Bd4 15. Nb5 Qd7 16. Nxd4 exd4 17. e5 1-0


[Site "https://www.chess.com"]

[Event "Titled Tuesday Blitz May 16 Late 2023"]
[White "EsmeraldasAnderson03"]
[Black "Domingo Nunez, Ruben"]
[BlackFideId "22245570"]
[WhiteElo "2407"]
[BlackElo "2404"]
[Result "0-1"]
[Round "02"]
[TimeControl "180+2"]
[Date "2023.05.16"]
[WhiteClock "0:00:00"]
[BlackClock "0:00:43"]

1. d4 g6 2. Nf3 Bg7 3. Bf4 Nf6 4. h3 d6 5. e3 O-O 6. Bh2 b6 7. Be2 Bb7 8. O-O Nbd7 9. c4 Ne4 10. Nbd2 Nxd2 11. Nxd2 e5 12. Bf3 Qc8 13. Bxb7 Qxb7 14. Qf3 Qxf3 15. Nxf3 exd4 16. exd4 Rfe8 17. Rfe1 a5 18. Kf1 a4 19. Rxe8+ Rxe8 20. Re1 Rd8 21. Ke2 a3 22. b3 Bh6 23. Kd3 Kf8 24. g4 Ra8 25. g5 Bg7 26. Nd2 Nb8 27. c5 bxc5 28. dxc5 dxc5 29. Bxc7 Na6 30. Bd6+ Kg8 31. Kc4 Nb4 32. Bxc5 Nxa2 33. Nb1 Bb2 34. b4 Nc1 35. Nxa3 Bxa3 36. Re7 Rc8 37. h4 Bxb4 38. Kb5 Bxc5 39. Re8+ Rxe8 0-1


[Site "https://www.chess.com"]

[Event "Titled Tuesday Blitz May 16 Late 2023"]
[White "QuiesPrecatio"]
[Black "Alex_Sahakyan2006"]
[WhiteElo "2386"]
[BlackElo "2678"]
[Result "0-1"]
[Round "02"]
[TimeControl "180+2"]
[Date "2023.05.16"]
[WhiteClock "0:00:06"]
[BlackClock "0:00:12"]

1. d4 Nf6 2. c4 c5 3. d5 b5 4. a4 bxc4 5. Nc3 g6 6. e4 d6 7. Bxc4 Bg7 8. Nf3 O-O 9. h3 Nfd7 10. Bf4 Ba6 11. Qe2 Qa5 12. O-O Bxc4 13. Qxc4 Na6 14. Bd2 Rab8 15. Nb5 Qb6 16. Rab1 Nc7 17. Nxc7 Qxc7 18. Bc3 Bxc3 19. bxc3 Qa5 20. Rb5 Rxb5 21. Qxb5 Qc7 22. Nd2 Rb8 23. Qa6 Rb2 24. Nc4 Nb8 25. Qa5 Qxa5 26. Nxa5 f5 27. exf5 gxf5 28. Ra1 Kf7 29. Nc4 Rb3 30. Ra3 Rb1+ 31. Kh2 Nd7 32. a5 Nf6 33. Ne3 f4 34. Nf5 Nxd5 35. c4 Nc7 36. Rf3 Ne6 37. g3 Ra1 38. gxf4 Rxa5 39. Ne3 Ra3 40. f5 Nd4 41. Rf4 a5 42. Re4 a4 43. Nd5 Nxf5 44. Rf4 e6 45. Ne3 Kf6 46. Ng4+ Kg5 47. h4+ Kxf4 0-1


[Site "https://www.chess.com"]

[Event "Titled Tuesday Blitz May 16 Late 2023"]
[White "Seemann, Jakub"]
[Black "Mickiewicz, Piotr"]
[WhiteFideId "21874697"]
[BlackFideId "1114891"]
[WhiteElo "2364"]
[BlackElo "2246"]
[Result "0-1"]
[Round "02"]
[TimeControl "180+2"]
[Date "2023.05.16"]
[WhiteClock "0:00:00"]
[BlackClock "0:00:11"]

1. e4 c5 2. Nf3 e6 3. d4 cxd4 4. Nxd4 Nf6 5. Nc3 d6 6. g4 a6 7. g5 Nfd7 8. h4 b5 9. Bg2 Bb7 10. Be3 b4 11. Nce2 Nc5 12. Ng3 Nbd7 13. f4 Qc7 14. Qe2 e5 15. Ndf5 g6 16. Nh6 exf4 17. Bxf4 Ne5 18. O-O Bxh6 19. gxh6 O-O 20. a3 Ne6 21. Bxe5 dxe5 22. axb4 Nf4 23. Qf2 f5 24. Kh2 Nxg2 25. Qxg2 f4 26. Nh1 Qc4 27. Rae1 Rad8 28. c3 Rf5 29. Nf2 Rh5 30. Qg4 Qc8 31. Rg1 Qxg4 32. Rxg4 Bc8 33. Rg5 Rxh4+ 34. Kg2 Rxh6 35. Rxe5 Rf8 36. Kf3 Rh2 37. Rg1 Kg7 38. Re7+ Rf7 39. Rxf7+ Kxf7 40. c4 Kf6 41. c5 g5 42. Rd1 h5 43. Rd6+ Be6 44. e5+ Kxe5 45. Nd3+ Kf6 46. c6 Rh3+ 47. Ke4 Ke7 48. Rxe6+ Kxe6 49. c7 Re3+ 50. Kd4 Rxd3+ 51. Kxd3 Kd7 52. Ke4 Kxc7 53. Kf5 f3 0-1


[Site "https://www.chess.com"]